 Dungeon Crawl Stone Soup version 0.30-a0-715-gdb4ae3ece1 (webtiles) character file.

Game seed: 17462124485858315688

2436 brightshaft the Cleaver (level 9, -2/73 (74) HPs)
             Began as a Gnoll Cinder Acolyte on Jan 23, 2023.
             Was an Initiate of Ashenzari.
             Slain by a fire elemental (11 damage)
             ... created by the fiery vengeance of Ignis
             ... on level 7 of the Dungeon.
             The game lasted 00:14:34 (5334 turns).

brightshaft the Cleaver (Gnoll Cinder Acolyte)      Turns: 5334, Time: 00:14:35

HP:   -2/73 (74)    AC: 15    Str: 15    XL:     9   Next: 49%
MP:   7/17          EV: 11    Int: 18    God:    Ashenzari [......]
Gold: 267           SH:  0    Dex:  8    Spells: 16/18 levels left

rFire   . . .      SeeInvis .    q - +1 whip (elec)
rCold   . . .      Faith    .    (no shield)
rNeg    + . .      Spirit   .    e - +2 ring mail {rC+}
rPois   +          Reflect  .    (no helmet)
rElec   .          Harm     .    G - scarf {repulsion}
rCorr   .          Rampage  .    k - +3 pair of gauntlets of War {Slay+5}
Will    .....                    f - +2 pair of boots
Stlth   ++                       b - amulet of magic regeneration
HPRegen 0.32/turn                l - ring of poison resistance
MPRegen 0.55/turn                u - ring "Sobbygiet" {Fire rPois rN+ Str+2 Slay+2}

@: lightly drained, repel missiles, fire susceptible
A: fangs 1, strong nose, distributed training
a: Renounce Religion, Curse Item


You were on level 7 of the Dungeon.
You worshipped Ashenzari.
Ashenzari was noncommittal.
You visited 2 branches of the dungeon, and saw 8 of its levels.

You collected 267 gold pieces.

Inventory:

Hand Weapons
 a - a -1 hand axe of flaming
 o - a +4 short sword
 q - a +1 whip of electrocution (weapon)
 F - a +2 whip of flaming
Missiles
 y - 2 throwing nets
Armour
 e - a +2 ring mail of cold resistance (worn)
 f - a +2 pair of boots (worn)
 k - the +3 pair of gauntlets of War (worn) {Slay+5}
   (You acquired it on level 2 of the Dungeon)

   Slay:      It affects your accuracy & damage with ranged weapons and melee
   (+5).
 G - a scarf of repulsion (worn)
Jewellery
 b - an amulet of magic regeneration (around neck)
 c - a ring of willpower
 l - a ring of poison resistance (left hand)
 r - a +6 ring of dexterity
 t - a +6 ring of strength
 u - the ring "Sobbygiet" (right hand) {Fire rPois rN+ Str+2 Slay+2}
   (You took it off a gnoll on level 5 of the Dungeon)

   [ring of fire]

   It enhances your fire magic.
   Str:       It affects your strength (+2).
   Slay:      It affects your accuracy & damage with ranged weapons and melee
   (+2).
   rF:        It protects you from fire.
   rC:        It makes you vulnerable to cold.
   rPois:     It protects you from poison.
   rN:        It protects you from negative energy.
 x - a +6 ring of dexterity
Wands
 i - a wand of paralysis (10)
 v - a wand of flame (10) {@v2}
Scrolls
 p - a scroll of enchant armour
 w - 8 scrolls of identify {@r1}
 z - a scroll of blinking {unknown}
 A - a scroll of immolation {unknown}
 B - a scroll of magic mapping {unknown}
 C - a scroll of poison {unknown}
 E - a scroll of fear
Potions
 d - 4 potions of invisibility
 g - a potion of cancellation {unknown}
 h - a potion of might
 j - 3 potions of heal wounds {unknown}
 m - 2 potions of curing {unknown}
 n - a potion of mutation {unknown}
 s - 2 potions of flight {unknown}
 D - a potion of haste {unknown}


   Skills:
 + Level 8.0 Fighting
 + Level 4.4 Short Blades
 + Level 4.4 Long Blades
 + Level 8.0 Axes
 + Level 4.4 Maces & Flails
 + Level 4.4 Polearms
 + Level 4.4 Staves
 + Level 4.4 Ranged Weapons
 + Level 4.4 Throwing
 + Level 4.4 Armour
 + Level 4.4 Dodging
 + Level 4.4 Stealth
 + Level 4.4 Shields
 + Level 4.4 Unarmed Combat
 + Level 5.3 Spellcasting
 + Level 3.7 Conjurations
 + Level 3.7 Hexes
 + Level 3.7 Summonings
 + Level 3.7 Necromancy
 + Level 3.7 Translocations
 + Level 3.7 Transmutations
 + Level 6.6 Fire Magic
 + Level 3.7 Ice Magic
 + Level 3.7 Air Magic
 + Level 3.7 Earth Magic
 + Level 3.7 Poison Magic
 + Level 4.9 Invocations
 + Level 4.4 Evocations


You had 16 spell levels left.
You knew the following spells:

 Your Spells              Type           Power      Damage    Failure   Level
a - Scorch                Fire           86%        2d9       2%          2

Your spell library contained the following spells:

 Spells                   Type           Power      Damage    Failure   Level
 Inner Flame              Hex/Fire       35%        N/A       9%          3
 Frozen Ramparts          Ice            36%        1d6       16%         3
 Summon Mana Viper        Hex/Summ       18%        N/A       82%         5


Dungeon Overview and Level Annotations

Branches:
Dungeon (7/15)             Temple (1/1) D:7

Altars:
Ashenzari
Cheibriados
Dithmenos
Fedhas
Hepliaklqana
Kikubaaqudgha
Makhleb
Nemelex Xobeh
Okawaru
Qazlal
Trog
Uskayaw
Vehumet
Xom
Yredelemnul
Zin
The Shining One

Shops:
D:3 [[*   D:6 :


Innate Abilities, Weirdness & Mutations

You have very sharp teeth.
Your uncanny sense of smell can sniff out nearby items.
Your experience applies equally to all skills.


Message History

The fire elemental completely resists.
The wight hits you with a +4 great sword.
You feel a surge of power!
Flames lash the fire elemental.
The fire elemental completely resists.
The fire elemental hits you. The fire elemental burns you!
The fire elemental falls through a shaft!
The shaft crumbles and collapses.
The wight barely misses you.
You feel a surge of power!
Flames lash the wight.
The wight is heavily damaged.
The wight's fire resistance burns away.
The fire elemental hits you. The fire elemental burns you!
The wight hits you but does no damage.
You are too injured to fight recklessly!
You hit the fire elemental. You punch the fire elemental!
The fire elemental is moderately damaged.
The wight is no longer more vulnerable to fire.
The fire elemental hits you. The fire elemental burns you!
You closely miss the fire elemental.
The fire elemental is moderately damaged.
The fire elemental closely misses you.
The wight hits you with a +4 great sword!
You barely miss the fire elemental.
The fire elemental is moderately damaged.
The fire elemental hits you. The fire elemental burns you!
The wight hits you but does no damage. The fire elemental hits you.
The fire elemental burns you!
* * * LOW HITPOINT WARNING * * *
Your magical contamination has completely faded away.
You closely miss the fire elemental.
The fire elemental is moderately damaged.
The wight hits you with a +4 great sword!
* * * LOW HITPOINT WARNING * * *
You partially resist.
You feel drained. The fire elemental barely misses you.
You whack the fire elemental!
The fire elemental is severely damaged.
The wight is no longer more vulnerable to fire.
The fire elemental closely misses you. The wight barely misses you.
You hit the fire elemental.
The fire elemental is severely damaged.
The fire elemental hits you. The fire elemental burns you!
You die...

#.....# #......# #.....#
#......# ########.>...#
########. .............#
#........ .............#
#........ .............#
#........ .............#
#z.......
.............##+#zz......
####....##+##...@########
#....# #...E# #....#∆
#....# #.... #....# #...
#....# #....# ∆......
........


You could see a fire elemental and 3 wights.

Vanquished Creatures
  Pikel (D:7)
  Menkaure (D:5)
  A water moccasin (D:5)
  An ice beast (D:6)
  2 orc warriors
  A centaur (D:7)
  2 necrophages
  3 bullfrogs
  A gnoll sergeant (D:6)
  A scorpion (D:5)
  A wight (D:7)
  4 killer bees (D:6)
  A howler monkey (D:6)
  4 hounds
  2 orc priests
  A gnoll bouda (D:7)
  2 iguanas
  3 orc wizards
  14 gnolls
  10 adders
  A white imp (D:6)
  An ufetubus (D:6)
  A worm (D:2)
  4 dart slugs
  29 orcs
  3 endoplasms
  4 giant cockroaches
  7 goblins
  4 hobgoblins
  4 jackals (D:2)
  5 quokkas
  10 ball pythons
  7 bats
  3 frilled lizards
  3 kobolds
  6 rats
148 creatures vanquished.

Vanquished Creatures (others)
  31 foxfires
  A fungus (D:1)
32 creatures vanquished.

Grand Total: 180 creatures vanquished

Notes
Turn   | Place    | Note
-------+----------+-------------------------------------------
     0 | D:1      | brightshaft the Gnoll Cinder Acolyte began the quest for
                  | the Orb.
     0 | D:1      | Reached XP level 1. HP: 23/23 MP: 4/4
    83 | D:1      | Reached XP level 2. HP: 27/29 MP: 5/5
   357 | D:1      | Learned a level 2 spell: Scorch
   478 | D:1      | Reached XP level 3. HP: 32/35 MP: 7/7
   597 | D:2      | Identified a scroll of acquirement
   597 | D:2      | Acquired the +3 pair of gauntlets of War {Slay+5}
   597 | D:2      | Found the +3 pair of gauntlets of War {Slay+5}
   614 | D:2      | Reached skill level 1 in Invocations
   714 | D:2      | Found a faded altar of an unknown god.
   935 | D:2      | Reached skill level 1 in Short Blades
   935 | D:2      | Reached skill level 1 in Long Blades
   935 | D:2      | Reached skill level 1 in Maces & Flails
   935 | D:2      | Reached skill level 1 in Polearms
   935 | D:2      | Reached skill level 1 in Staves
   935 | D:2      | Reached skill level 1 in Ranged Weapons
   935 | D:2      | Reached skill level 1 in Throwing
   935 | D:2      | Reached skill level 1 in Armour
   935 | D:2      | Reached skill level 1 in Dodging
   935 | D:2      | Reached skill level 1 in Stealth
   935 | D:2      | Reached skill level 1 in Shields
   935 | D:2      | Reached skill level 1 in Unarmed Combat
   935 | D:2      | Reached skill level 1 in Evocations
  1108 | D:2      | Reached XP level 4. HP: 41/41 MP: 8/8
  1480 | D:3      | Reached skill level 1 in Conjurations
  1480 | D:3      | Reached skill level 1 in Hexes
  1480 | D:3      | Reached skill level 1 in Summonings
  1480 | D:3      | Reached skill level 1 in Necromancy
  1480 | D:3      | Reached skill level 1 in Translocations
  1480 | D:3      | Reached skill level 1 in Transmutations
  1480 | D:3      | Reached skill level 1 in Ice Magic
  1480 | D:3      | Reached skill level 1 in Air Magic
  1480 | D:3      | Reached skill level 1 in Earth Magic
  1480 | D:3      | Reached skill level 1 in Poison Magic
  1589 | D:3      | Reached XP level 5. HP: 47/47 MP: 9/9
  1607 | D:3      | Found Gigyqof's Assorted Antiques.
  1659 | D:3      | Found Laf Bos's Antique Armour Shop.
  1738 | D:3      | Found Finnae's Armour Shoppe.
  1807 | D:3      | Found a burning altar of Makhleb.
  1896 | D:3      | Got the Cyclopedia of the Wintry Evil Eye
  2118 | D:4      | Noticed an orc warrior
  2128 | D:4      | Reached XP level 6. HP: 12/53 MP: 5/11
  2130 | D:4      | Killed an orc warrior
  2334 | D:4      | Found a radiant altar of Vehumet.
  2342 | D:4      | Found a bloodstained altar of Trog.
  2524 | D:5      | Entered Level 5 of the Dungeon
  2599 | D:5      | Found an ancient bone altar of Kikubaaqudgha.
  2667 | D:5      | Noticed Menkaure
  2685 | D:5      | Reached XP level 7. HP: 53/60 MP: 5/12
  2685 | D:5      | Killed Menkaure
  2743 | D:5      | Identified the ring "Sobbygiet" {Fire rPois rN+ Str+2
                  | Slay+2}
  3246 | D:6      | Reached XP level 8. HP: 64/67 MP: 12/14
  3793 | D:6      | Found Kuaz Fem's Tremendous Tomes.
  4424 | D:7      | Found a staircase to the Ecumenical Temple.
  4498 | Temple   | Entered the Ecumenical Temple
  4679 | Temple   | Fell from the grace of Ignis
  4679 | Temple   | Became a worshipper of Ashenzari the Shackled
  4728 | D:7      | Reached XP level 9. HP: 54/73 MP: 3/16
  4881 | D:7      | Noticed Pikel
  4889 | D:7      | Killed Pikel
  4890 | D:7      | Reached skill level 5 in Spellcasting
  5334 | D:7      | Slain by a fire elemental

Illustrated notes

Levels and vault maps discovered:
D:1:      minmay_arrival_semitransparent, layout_rooms,
          dreamdust_mushroom_princess
D:2:      layout_basic, shapermc_ecumenical_altar_notcrosses
D:3:      layout_basic, mainiacjoe_overflow_chevrons, serial_shops,
          nicolae_shop_advertising_works [nicolae_subvault_shop_adworks],
          nicolae_shop_behind_doors, nicolae_shop_behind_doors
D:4:      nicolae_cairo_tiling_large_dashed, layout_rooms,
          grunt_temple_overflow_open, minmay_misc_feat_rugged
D:5:      layout_cave_pools, mainiacjoe_overflow_alcove_1, uniq_menkaure
D:6:      layout_layer_cave, nicolae_shop_i_like_big_books
D:7:      layout_gridville, minmay_temple_entry_sparse_star, nrook_uturn,
          uniq_maggie, uniq_joseph, uniq_pikel
Temple:   nicolae_temple_bog_church

Skill      XL: |  1  2  3  4  5  6  7  8  9 |
---------------+----------------------------+-----
Invocations    | 1 2 3 4 |  4.9
Short Blades   | 1 2 3 4 |  4.4
Long Blades    | 1 2 3 4 |  4.4
Maces & Flails | 1 2 3 4 |  4.4
Polearms       | 1 2 3 4 |  4.4
Staves         | 1 2 3 4 |  4.4
Ranged Weapons | 1 2 3 4 |  4.4
Throwing       | 1 2 3 4 |  4.4
Armour         | 1 2 3 4 |  4.4
Dodging        | 1 2 3 4 |  4.4
Stealth        | 1 2 3 4 |  4.4
Shields        | 1 2 3 4 |  4.4
Unarmed Combat | 1 2 3 4 |  4.4
Evocations     | 1 2 3 4 |  4.4
Spellcasting   | 3 4 5 |  5.3
Conjurations   | 1 2 3 |  3.7
Hexes          | 1 2 3 |  3.7
Summonings     | 1 2 3 |  3.7
Necromancy     | 1 2 3 |  3.7
Translocations | 1 2 3 |  3.7
Transmutations | 1 2 3 |  3.7
Ice Magic      | 1 2 3 |  3.7
Air Magic      | 1 2 3 |  3.7
Earth Magic    | 1 2 3 |  3.7
Poison Magic   | 1 2 3 |  3.7
Fighting       | 7 8 |  8.0
Axes           | 7 8 |  8.0
Fire Magic     | 6 |  6.6

Action                     |  1- 3 |  4- 6 |  7- 9 || total
---------------------------+-------+-------+-------++-------
  Melee: Hand axe          |    82 |    58 |       ||   140
         Bite              |     4 |     8 |    19 ||    31
         Punch             |       |     2 |     2 ||     4
         Whip              |       |    42 |   128 ||   170
         Short sword       |       |    10 |    30 ||    40
   Cast: Scorch            |     5 |    17 |    42 ||    64
 Invoke: Fiery Armour      |       |     1 |     1 ||     2
         Foxfire Swarm     |       |       |     2 ||     2
    Use: Scroll            |     2 |     7 |     1 ||    10
 Armour: Robe              |     1 |       |       ||     1
         Ring mail         |    38 |    51 |   115 ||   204
  Dodge: Dodged            |    65 |    60 |   143 ||   268

Table legend: (Time is in decaauts)
 A = Elapsed time spent in this place.
 B = Non-inter-level travel time spent in this place.
 C = Inter-level travel time spent in this place.
 D = Time resting spent in this place.
 E = Time spent auto-exploring this place.
 F = Levels seen in this place.
 G = Mean time per level.
                   A        B        C        D        E       F      G
               +--------+--------+--------+--------+--------+-----+--------+
         Total |   5328 |   5212 |    116 |    100 |   4101 |   8 |  666.0 |
       Dungeon |   5128 |   5043 |     85 |    100 |   3946 |   7 |  732.6 |
        Temple |    200 |    169 |     31 |      0 |    155 |   1 |  200.0 |
               +--------+--------+--------+--------+--------+-----+--------+

Top non-repeatable levels by time:
     D:6: 1171 daAuts
     D:2: 890 daAuts
     D:7: 744 daAuts
     D:4: 678 daAuts
     D:1: 584 daAuts
     D:5: 562 daAuts
     D:3: 496 daAuts
  Temple: 200 daAuts
